 Dungeon Crawl Stone Soup version 0.23.2-40-g277498a001 (webtiles) character file.

Game seed: 4707793072598865252

6920 lepipera the Destroyer (level 10, -2/88 HPs)
             Began as a Black Draconian Conjurer on Sept 7, 2019.
             Was a Believer of Vehumet.
             Killed themself with a bounced orb of electricity (12 damage)
             ... on level 11 of the Dungeon on Sept 8, 2019.
             The game lasted 01:32:14 (8822 turns).

lepipera the Destroyer (Black Draconian Conjurer)   Turns: 8822, Time: 01:32:14

Health: -2/88      AC: 11    Str: 11    XL:     10   Next: 80%
Magic:  1/20       EV: 15    Int: 19    God:    Vehumet [**....]
Gold:   547        SH:  5    Dex: 11    Spells: 9/23 levels left

rFire    . . .     SeeInvis .   a - +1 hand axe (elec)
rCold    . . .     Gourm    .   y - +0 buckler
rNeg     + . .     Faith    .   (armour unavailable)
rPois    .         Spirit   .   (helmet restricted)
rElec    +         Reflect  .   (no cloak)
rCorr    .         Harm     .   d - +0 pair of gloves
MR       .....                  u - +2 pair of boots
Stlth    +++.......             (no amulet)
HPRegen  0.24/turn              h - ring of stealth
MPRegen  0.17/turn              n - ring of positive energy

@: very slightly contaminated
A: breathe lightning, unfitting armour, electricity resistance, cold-blooded, AC
+7
a: Breathe Lightning, Renounce Religion


You were on level 11 of the Dungeon.
You worshipped Vehumet.
Vehumet was pleased with you.
You were hungry.

You visited 2 branches of the dungeon, and saw 12 of its levels.

You collected 547 gold pieces.

Inventory:

Hand Weapons
 a - a +1 hand axe of electrocution (weapon)
 b - a +2 dagger of protection
Armour
 d - a +0 pair of gloves (worn)
 u - a +2 pair of boots (worn)
 y - a +0 buckler (worn)
Jewellery
 h - a ring of stealth (left hand)
 n - a ring of positive energy (right hand)
 D - an uncursed ring of fire {unknown}
 G - an uncursed amulet of the acrobat {unknown}
 I - an uncursed amulet of guardian spirit {unknown}
Wands
 i - a wand of paralysis (5)
 p - a wand of polymorph (6)
 B - a wand of disintegration (16)
 C - a wand of iceblast (7)
 H - a wand of digging (4)
Scrolls
 c - 4 scrolls of teleportation
 e - a scroll of amnesia {unknown}
 g - a scroll of blinking
 k - 3 scrolls of immolation
 l - 6 scrolls of remove curse
 o - 2 scrolls of magic mapping
 r - a scroll of fog {unknown}
 t - a scroll of fear {unknown}
 v - a scroll of torment {unknown}
 w - 2 scrolls of noise {unknown}
 x - a scroll of enchant weapon {unknown}
 z - 2 scrolls of enchant armour {unknown}
 J - 3 scrolls of summoning {unknown}
Potions
 f - 3 potions of agility
 j - 3 potions of curing
 q - a potion of brilliance
 s - a potion of flight
 A - 2 potions of cancellation {unknown}
 F - a potion of degeneration {unknown}
Comestibles
 m - 11 rations


   Skills:
 + Level 7.8 Fighting
 + Level 7.2 Dodging
 - Level 2.0 Stealth
 * Level 4.5 Shields
 + Level 7.2 Spellcasting
 + Level 8.8 Conjurations
 + Level 5.9 Air Magic


You had 9 spell levels left.
You knew the following spells:

 Your Spells              Type           Power        Failure   Level  Hunger
a - Magic Dart            Conj           ####         1%          1    None
b - Searing Ray           Conj           #####.       1%          2    None
c - Iskenderun's Mystic   Conj           #####...     2%          4    ###....
d - Fulminant Prism       Conj/Hex       ###.......   16%         4    ###....
e - Mephitic Cloud        Conj/Pois/Air  ####....     3%          3    #......

Your spell library contained the following spells:

 Spells                   Type           Power        Failure   Level  Hunger
 Shock                    Conj/Air       ####         1%          1    None
 Sting                    Conj/Pois      ###.         1%          1    None
 Poisonous Vapours        Pois/Air       ###...       4%          2    None
 Conjure Flame            Conj/Fire      ###.....     4%          3    #......
 Dazzling Spray           Conj/Hex       ###...       4%          3    #......
 Summon Small Mammal      Summ           #...         10%         1    None
 Blink                    Tloc           N/A          16%         2    None
 Call Imp                 Summ           #.......     16%         2    None
 Slow                     Hex            #.......     16%         2    None
 Force Lance              Conj/Tloc      ###.....     16%         4    ###....
 Summon Lightning Spire   Summ/Air       ###.....     28%         4    ###....
 Call Canine Familiar     Summ           #.......     30%         3    #......
 Summon Guardian Golem    Hex/Summ       #.......     30%         3    #......
 Venom Bolt               Conj/Pois      ###.......   41%         5    #####..
 Olgreb's Toxic Radiance  Pois           #.......     69%         4    ###....
 Summon Ice Beast         Ice/Summ       #.......     69%         4    ###....


Dungeon Overview and Level Annotations

Branches:
Dungeon (11/15)            Temple (1/1) D:6            Lair (0/6) D:8
    Orc: D:9-12

Altars:
Cheibriados
Dithmenos
Elyvilon
Fedhas
Gozag
Hepliaklqana
Makhleb
Nemelex Xobeh
Okawaru
Qazlal
Ru
Sif Muna
Uskayaw
Vehumet
Wu Jian
Xom
Yredelemnul
Zin
The Shining One

Shops:
D:4 (   D:6 (   D:7 :   D:10 ?


Innate Abilities, Weirdness & Mutations

You can breathe wild blasts of lightning.
Your glossy black scales are hard. (AC +7)
You cannot fit into any form of body armour.
You are resistant to electric shocks. (rElec)
You are cold-blooded and may be slowed by cold attacks.


Message History

Casting: Iskenderun's Mystic Blast (safe; 2% risk of failure)
Confirm with . or Enter, or press ? or * to list all spells.
Okay, then.
Okay, then.
You hear a distant snort.
Hark!
There is a gateway to a gauntlet on this level.
Find the entrance quickly before the gate is sealed!
Welcome back, lepipera the Black Draconian Conjurer.
Vehumet says: Let it end in hellfire!
Press ? for a list of commands and other information.
You breathe a wild blast of lightning!
The orb of electricity explodes!
The orb of electricity engulfs the bullfrog!!
You kill the bullfrog!
Vehumet accepts your kill.
The orb of electricity engulfs the two-headed ogre.
The two-headed ogre is severely wounded.
The orb of electricity engulfs you. You resist.
* * * LOW HITPOINT WARNING * * *
The orb of electricity explodes!
The orb of electricity engulfs you! You resist.
You die...

..... .....######
....#...# #.....#
#<..## ###...##
###......####
#..........○.###
.............O@.#
............°○..#
.............#.##
............####
#.........###
#..........##
...........#
...........#
..........##


You could see a two-headed ogre.

Vanquished Creatures
  2 two-headed ogres (D:10)
  Joseph (D:7)
  Grinder (D:4)
  A wraith (D:10)
  2 yaks
  A wyvern (D:10)
  2 basilisks (D:8)
  2 hungry ghosts
  Menkaure (D:7)
  A water moccasin (D:9)
  3 porcupines (D:8)
  2 phantoms
  An orc warrior (D:7)
  An ice beast (D:3)
  A black bear (D:10)
  5 ogres
  3 centaurs
  2 crocodiles (D:8)
  5 bullfrogs
  Blork the orc (D:5)
  A water moccasin zombie (D:5)
  Dowan (D:7)
  6 scorpions
  8 killer bees
  2 crimson imps
  2 bullfrog zombies
  A quasit (D:8)
  2 jellies (D:8)
  A bullfrog skeleton (D:7)
  4 orc priests
  7 hounds
  Jessica (D:3)
  An iguana (D:7)
  6 worker ants
  7 gnolls
  15 adders
  A howler monkey skeleton (D:8)
  A shadow imp (D:5)
  An ooze (D:2)
  An adder skeleton (D:5)
  4 worms
  2 dart slugs
  8 leopard geckos
  20 orcs
  7 bats
  7 giant cockroaches
  4 goblins
  5 hobgoblins
  2 jackals (D:9)
  9 kobolds
  4 quokkas
  3 frilled lizards
  A jackal zombie (D:8)
  A quokka skeleton (D:4)
  7 rats
191 creatures vanquished.

Vanquished Creatures (others)
  7 fulminant prisms
  2 fungi (D:8)
  7 plants (D:8)
16 creatures vanquished.

Grand Total: 207 creatures vanquished

Notes
Turn   | Place    | Note
-------+----------+-------------------------------------------
     0 | D:1      | lepipera the Draconian Conjurer began the quest for the
                  | Orb.
     0 | D:1      | Reached XP level 1. HP: 14/14 MP: 3/3
   196 | D:1      | Reached XP level 2. HP: 15/20 MP: 5/5
   266 | D:1      | Learned a level 2 spell: Searing Ray
   760 | D:2      | Reached XP level 3. HP: 26/26 MP: 0/6
   784 | D:2      | Found a glowing silver altar of Zin.
  1025 | D:2      | Found a snail-covered altar of Cheibriados.
  1099 | D:2      | Reached XP level 4. HP: 31/33 MP: 1/7
  1154 | D:2      | Learned a level 4 spell: Iskenderun's Mystic Blast
  1155 | D:2      | Found a sacrificial altar of Ru.
  1196 | D:2      | Found an opulent altar of Gozag.
  1472 | D:3      | Reached skill level 5 in Conjurations
  1846 | D:3      | Noticed an ice beast
  1855 | D:3      | Killed an ice beast
  1855 | D:3      | Reached skill level 1 in Fighting
  1855 | D:3      | Reached XP level 5. HP: 40/40 MP: 3/9
  2005 | D:3      | Noticed a hungry ghost
  2026 | D:3      | Killed a hungry ghost
  2026 | D:3      | Reached XP level 6. HP: 44/48 MP: 3/11
  2037 | D:3      | Found a sparkling altar of Nemelex Xobeh.
  2044 | D:3      | Found an iron altar of Okawaru.
  2108 | D:3      | Noticed Jessica
  2110 | D:3      | Killed Jessica
  2351 | D:3      | Learned a level 4 spell: Fulminant Prism
  2781 | D:4      | Your scales start taking on a glossy black colour.
  2781 | D:4      | Reached XP level 7. HP: 51/56 MP: 5/12
  2781 | D:4      | Gained mutation: You are resistant to electric shocks.
                  | (rElec) [Black Draconian growth]
  2867 | D:4      | Noticed Grinder
  2871 | D:4      | Paralysed by Grinder for 6 turns
  2883 | D:4      | Killed Grinder
  2883 | D:4      | Reached skill level 6 in Conjurations
  3505 | D:4      | Found Ovaol's Antique Weapon Shop.
  3535 | D:5      | Entered Level 5 of the Dungeon
  3579 | D:5      | Found a burning altar of Makhleb.
  3812 | D:5      | Noticed Blork the orc
  3818 | D:5      | Killed Blork the orc
  3818 | D:5      | Reached XP level 8. HP: 66/66 MP: 9/14
  3866 | D:5      | Found a deep blue altar of Sif Muna.
  4367 | D:6      | Found a staircase to the Ecumenical Temple.
  4371 | D:6      | Reached skill level 5 in Dodging
  4371 | D:6      | Reached skill level 5 in Spellcasting
  4380 | Temple   | Entered the Ecumenical Temple
  4416 | Temple   | Became a worshipper of Vehumet
  4500 | D:6      | Found Zoim Jim's Antique Weapon Emporium.
  4551 | D:6      | You fall through a shaft!
  4584 | D:7      | Reached skill level 5 in Fighting
  4584 | D:7      | Reached skill level 7 in Conjurations
  4747 | D:7      | Found a white marble altar of Elyvilon.
  4825 | D:7      | Noticed Dowan
  4848 | D:7      | Killed Dowan
  5113 | D:7      | Learned a level 3 spell: Mephitic Cloud
  5116 | D:7      | Noticed Menkaure
  5245 | D:7      | Killed Menkaure
  5276 | D:7      | Noticed Joseph
  5287 | D:7      | Killed Joseph
  5287 | D:7      | Reached skill level 1 in Air Magic
  5287 | D:7      | Reached XP level 9. HP: 21/75 MP: 4/17
  5653 | D:7      | Found Ywecliq's Book Emporium.
  6069 | D:8      | Found a shadowy altar of Dithmenos.
  6197 | D:8      | Found a basalt altar of Yredelemnul.
  6203 | D:8      | Reached * piety under Vehumet
  6203 | D:8      | Offered knowledge of Flame Tongue by Vehumet.
  6539 | D:8      | Reached skill level 8 in Conjurations
  6617 | D:8      | Found a staircase to the Lair.
  6650 | D:7      | Reached skill level 1 in Shields
  6872 | D:8      | Reached XP level 10. HP: 48/86 MP: 4/19
  7114 | D:9      | Found a blossoming altar of Fedhas.
  7221 | D:9      | Found a hazy altar of Hepliaklqana.
  7462 | D:9      | Offered knowledge of Shock by Vehumet.
  7464 | D:9      | Reached ** piety under Vehumet
  7771 | D:10     | Entered Level 10 of the Dungeon
  7802 | D:10     | Found Tuepriq's Magic Scroll Shoppe.
  7831 | D:10     | Noticed a two-headed ogre
  7844 | D:10     | Killed a two-headed ogre
  7844 | D:10     | Reached skill level 5 in Air Magic
  8039 | D:10     | Noticed a two-headed ogre
  8054 | D:10     | Killed a two-headed ogre
  8804 | D:11     | Noticed a two-headed ogre
  8822 | D:11     | Killed themself with a bounced orb of electricity

Skill      XL: |  1  2  3  4  5  6  7  8  9 10 |
---------------+-------------------------------+-----
Stealth        | 2 |  2.0
Dodging        | 2 3 4 5 6 7 |  7.2
Conjurations   | 5 6 7 8 |  8.8
Fighting       | 1 2 4 5 7 |  7.8
Spellcasting   | 3 4 5 6 7 |  7.2
Air Magic      | 1 4 5 |  5.9
Shields        | 1 4 |  4.5

Action                   |  1- 3 |  4- 6 |  7- 9 | 10-12 || total
-------------------------+-------+-------+-------+-------++-------
Melee: Hand axe          |    45 |    47 |   151 |    56 ||   299
       Tailslap          |     3 |     1 |    11 |     8 ||    23
 Cast: Magic Dart        |    48 |    50 |   134 |    31 ||   263
       Searing Ray       |     1 |    10 |    28 |    12 ||    51
       Iskenderun's Myst |       |     1 |     8 |     3 ||    12
       Fulminant Prism   |       |       |     1 |     6 ||     7
       Mephitic Cloud    |       |       |       |     7 ||     7
 Abil: Breathe Lightning |       |       |     4 |     1 ||     5
  Use: Scroll            |       |     1 |    11 |       ||    12
 Stab: Sleeping          |     5 |     1 |     4 |       ||    10
  Eat: Chunk             |     1 |     7 |    15 |     9 ||    32
Armor: Skin              |    16 |    17 |    88 |    34 ||   155
Dodge: Dodged            |    29 |    34 |   122 |    79 ||   264
Block: Buckler           |       |       |    21 |    16 ||    37
